TOP OF THE 1ST |
Lee's Summit Tigers batting - Pitching for Little Rock Lemmiwinks : RHP Pablo Borges
|
Pitching: RHP Pablo Borges
|
|
Batting: LHB José Guerrero
|
0-0: Ball 1-0: Ball 2-0: Ball 3-0: Called Strike 3-1: Base on Balls
|
Batting: LHB Claudio Jiménez
|
0-0: Called Strike 0-1: Ball 1-1: Ball 2-1: Ball 3-1: Fly out, F6 (Line Drive, 6)
|
Batting: LHB Víctor Piña
|
0-0: Ball 1-0: Ball 2-0: Ball 3-0: Foul Ball, location: 2F 3-1: DOUBLE (Line Drive, 9LM) José Guerrero to third Runner from 3rd tries for Home, SAFE, no throw
|
Pinch Runner at 2nd Leroy Surtees:
|
|
Batting: RHB Tommy Smith
|
0-0: Ball 1-0: Swinging Strike 1-1: Ball 2-1: Ball 3-1: Swinging Strike 3-2: Foul Ball, location: 2F 3-2: Strikes out swinging
|
Batting: RHB José Deleón
|
0-0: Called Strike 0-1: SINGLE (Line Drive, 89S) Leroy Surtees to third
|
Batting: RHB Juan Rodríguez
|
0-0: Ball 1-0: Ball 2-0: DOUBLE (Flyball, 8RXD) Leroy Surtees scores José Deleón to third Runner from 3rd tries for Home, SAFE, no throw
|
Batting: SHB Tony Morrison
|
0-0: Ball 1-0: Called Strike 1-1: Called Strike 1-2: Strikes out swinging
|
Top of the 1st over - 3 runs, 3 hits, 0 errors, 1 left on base; Lee's Summit 3 - Little Rock 0 |
BOTTOM OF THE 1ST |
Little Rock Lemmiwinks batting - Pitching for Lee's Summit Tigers : RHP Christiano Bray
|
Pitching: RHP Christiano Bray
|
|
Now at 1B: Leroy Surtees
|
|
Batting: LHB Horace Kramer
|
0-0: Called Strike 0-1: Bunt for hit - play at first, batter OUT! 5-3
|
Batting: LHB Manny Robles
|
0-0: Fly out, F7 (Flyball, 7)
|
Batting: RHB Kokaji Ridha
|
0-0: Ball 1-0: Ball 2-0: Called Strike 2-1: Ball 3-1: Called Strike 3-2: Base on Balls
|
Batting: RHB Roberto Valdéz
|
0-0: Called Strike 0-1: Ball 1-1: Ball 2-1: Foul Ball, location: 2F 2-2: Ball 3-2: Base on Balls Kokaji Ridha to second
|
Batting: LHB Greg MacCanish
|
0-0: Ball 1-0: Foul Ball, location: 2F 1-1: Ball 2-1: Ball 3-1: Base on Balls Kokaji Ridha to third Roberto Valdéz to second
|
Batting: RHB Ánibal Soto
|
0-0: Fielders Choice at 2nd, 6-4 (Groundball, 56)
|
Bottom of the 1st over - 0 runs, 0 hits, 0 errors, 3 left on base; Lee's Summit 3 - Little Rock 0 |
TOP OF THE 2ND |
Lee's Summit Tigers batting - Pitching for Little Rock Lemmiwinks : RHP Pablo Borges
|
Batting: RHB José Gómez
|
0-0: Ball 1-0: Ball 2-0: Foul Ball, location: 2F 2-1: Foul Ball, location: 2F 2-2: Ball 3-2: Strikes out swinging
|
Batting: SHB Enrique Bartoccini
|
0-0: Foul Ball, location: 2F 0-1: Ball 1-1: DOUBLE (Line Drive, 78D)
|
Batting: LHB José Guerrero
|
0-0: Called Strike 0-1: Ball 1-1: Called Strike 1-2: Ball 2-2: Ball 3-2: Foul Ball, location: 2F 3-2: Base on Balls
|
Batting: LHB Claudio Jiménez
|
0-0: Called Strike 0-1: Foul Ball, location: 2F 0-2: Strikes out looking
|
Batting: LHB Leroy Surtees
|
0-0: Foul Ball, location: 2F 0-1: Ball 1-1: Foul Ball, location: 2F 1-2: Strikes out swinging
|
Top of the 2nd over - 0 runs, 1 hit, 0 errors, 2 left on base; Lee's Summit 3 - Little Rock 0 |
BOTTOM OF THE 2ND |
Little Rock Lemmiwinks batting - Pitching for Lee's Summit Tigers : RHP Christiano Bray
|
Batting: RHB Germán Vargas
|
0-0: Ball 1-0: Ball 2-0: Ball 3-0: Swinging Strike 3-1: Base on Balls
|
Batting: RHB José Rodríguez
|
0-0: Called Strike 0-1: Ball 1-1: Ball 2-1: Foul Ball, location: 2F 2-2: Reached on error, E6 (Groundball, 6) Germán Vargas to second
|
Batting: RHB Norberto Gallardo
|
0-0: Ball 1-0: Ball 2-0: Called Strike 2-1: Foul Ball, location: 2F 2-2: Foul Ball, location: 2F 2-2: Foul Ball, location: 2F 2-2: Strikes out looking
|
Batting: LHB Horace Kramer
|
0-0: Called Strike 0-1: Ball 1-1: Ball 2-1: Foul Ball, location: 2F 2-2: Foul Ball, location: 2F 2-2: Foul Ball, location: 2F 2-2: Strikes out swinging
|
Batting: LHB Manny Robles
|
0-0: Ground out U3 (Groundball, 34)
|
Bottom of the 2nd over - 0 runs, 0 hits, 1 error, 2 left on base; Lee's Summit 3 - Little Rock 0 |
TOP OF THE 3RD |
Lee's Summit Tigers batting - Pitching for Little Rock Lemmiwinks : RHP Pablo Borges
|
Batting: RHB Tommy Smith
|
0-0: Foul Ball, location: 2F 0-1: Called Strike 0-2: Ball 1-2: Ground out 2-3 (Groundball, 15S)
|
Batting: RHB José Deleón
|
0-0: Foul Ball, location: 2F 0-1: Ball 1-1: Foul Ball, location: 2F 1-2: Foul Ball, location: 2F 1-2: Ball 2-2: Ground out 4-3 (Groundball, 4)
|
Batting: RHB Juan Rodríguez
|
0-0: DOUBLE (Groundball, 5L)
|
Batting: SHB Tony Morrison
|
0-0: SINGLE (Line Drive, 7S) Juan Rodríguez to third Runner from 3rd tries for Home, SAFE, no throw
|
Batting: RHB José Gómez
|
0-0: Fielders Choice at 2nd, 6-4 (Groundball, 6)
|
Top of the 3rd over - 1 run, 2 hits, 0 errors, 1 left on base; Lee's Summit 4 - Little Rock 0 |
BOTTOM OF THE 3RD |
Little Rock Lemmiwinks batting - Pitching for Lee's Summit Tigers : RHP Christiano Bray
|
Batting: RHB Kokaji Ridha
|
0-0: Ball 1-0: Ball 2-0: Ball 3-0: Base on Balls
|
Batting: RHB Roberto Valdéz
|
0-0: Ball 1-0: Foul Ball, location: 2F 1-1: Foul Ball, location: 2F 1-2: Foul Ball, location: 2F 1-2: Strikes out swinging
|
Batting: LHB Greg MacCanish
|
0-0: Ball Kokaji Ridha steals 2nd base 1-0: Called Strike 1-1: Fly out, F9 (Line Drive, 9)
|
Batting: RHB Ánibal Soto
|
0-0: Ball 1-0: Swinging Strike 1-1: Ground out 6-3 (Groundball, 6)
|
Bottom of the 3rd over - 0 runs, 0 hits, 0 errors, 1 left on base; Lee's Summit 4 - Little Rock 0 |
TOP OF THE 4TH |
Lee's Summit Tigers batting - Pitching for Little Rock Lemmiwinks : RHP Pablo Borges
|
Batting: SHB Enrique Bartoccini
|
0-0: Called Strike 0-1: Ball 1-1: Ball 2-1: Foul Ball, location: 2F 2-2: Foul Ball, location: 2F 2-2: Strikes out swinging
|
Batting: LHB José Guerrero
|
0-0: Ball 1-0: Ball 2-0: Foul Ball, location: 2F 2-1: Foul Ball, location: 2F 2-2: Foul Ball, location: 2F 2-2: Ball 3-2: Base on Balls
|
Batting: LHB Claudio Jiménez
|
0-0: Called Strike 0-1: Called Strike 0-2: Strikes out swinging
|
Batting: LHB Leroy Surtees
|
0-0: Called Strike José Guerrero is caught stealing 2nd base
|
Top of the 4th over - 0 runs, 0 hits, 0 errors, 0 left on base; Lee's Summit 4 - Little Rock 0 |
BOTTOM OF THE 4TH |
Little Rock Lemmiwinks batting - Pitching for Lee's Summit Tigers : RHP Christiano Bray
|
Batting: RHB Germán Vargas
|
0-0: Ball 1-0: Foul Ball, location: 2F 1-1: Ball 2-1: SINGLE (Groundball, 4MD)
|
Batting: RHB José Rodríguez
|
0-0: Grounds into double play, 1-6-3 (Groundball, 13S)
|
Batting: RHB Norberto Gallardo
|
0-0: Ball 1-0: SINGLE (Line Drive, 6MD)
|
Batting: LHB Horace Kramer
|
0-0: Swinging Strike 0-1: Called Strike 0-2: Strikes out swinging
|
Bottom of the 4th over - 0 runs, 2 hits, 0 errors, 1 left on base; Lee's Summit 4 - Little Rock 0 |
TOP OF THE 5TH |
Lee's Summit Tigers batting - Pitching for Little Rock Lemmiwinks : RHP Pablo Borges
|
Pitching: RHP Lorenzo Fernández
|
|
Batting: LHB Leroy Surtees
|
0-0: TRIPLE (Line Drive, 9D)
|
Batting: RHB Tommy Smith
|
0-0: Ball 1-0: Ground out 5-3 (Groundball, 56) Leroy Surtees scores
|
Batting: RHB José Deleón
|
0-0: Swinging Strike 0-1: Fly out, F9 (Flyball, 9LS)
|
Batting: RHB Juan Rodríguez
|
0-0: Ball 1-0: Called Strike 1-1: Swinging Strike 1-2: Hit by Pitch
|
Batting: SHB Tony Morrison
|
0-0: Ball 1-0: Fly out, F7 (Flyball, 7S)
|
Top of the 5th over - 1 run, 1 hit, 0 errors, 1 left on base; Lee's Summit 5 - Little Rock 0 |
BOTTOM OF THE 5TH |
Little Rock Lemmiwinks batting - Pitching for Lee's Summit Tigers : RHP Christiano Bray
|
Batting: LHB Manny Robles
|
0-0: Foul Ball, location: 2F 0-1: Ball 1-1: Swinging Strike 1-2: Ball 2-2: Ball 3-2: Foul Ball, location: 2F 3-2: Ground out 4-3 (Groundball, 4)
|
Batting: RHB Kokaji Ridha
|
0-0: Swinging Strike 0-1: Ball 1-1: Hit by Pitch
|
Pitching: RHP Dave Anderson
|
|
Batting: RHB Roberto Valdéz
|
0-0: Called Strike 0-1: Foul Ball, location: 2F 0-2: Ball 1-2: Fly out, F8 (Flyball, 8LM)
|
Batting: LHB Greg MacCanish
|
0-0: Swinging Strike 0-1: Ball 1-1: Ball 2-1: Ball 3-1: Foul Ball, location: 2F 3-2: SINGLE (Groundball, 4MD) Kokaji Ridha to second Kokaji Ridha to third
|
Batting: RHB Ánibal Soto
|
0-0: Called Strike 0-1: Foul Ball, location: 2F 0-2: Strikes out swinging
|
Bottom of the 5th over - 0 runs, 1 hit, 0 errors, 2 left on base; Lee's Summit 5 - Little Rock 0 |
TOP OF THE 6TH |
Lee's Summit Tigers batting - Pitching for Little Rock Lemmiwinks : RHP Lorenzo Fernández
|
Batting: RHB José Gómez
|
0-0: Fly out, F7 (Flyball, 7S)
|
Batting: SHB Enrique Bartoccini
|
0-0: Foul Ball, location: 2F 0-1: Ball 1-1: Called Strike 1-2: Strikes out swinging
|
Batting: LHB José Guerrero
|
0-0: Called Strike 0-1: Ball 1-1: Ground out 5-3 (Groundball, 56)
|
Top of the 6th over - 0 runs, 0 hits, 0 errors, 0 left on base; Lee's Summit 5 - Little Rock 0 |
BOTTOM OF THE 6TH |
Little Rock Lemmiwinks batting - Pitching for Lee's Summit Tigers : RHP Dave Anderson
|
Batting: RHB Germán Vargas
|
0-0: SINGLE (Line Drive, 78S)
|
Batting: RHB José Rodríguez
|
0-0: Called Strike 0-1: Ball 1-1: Ball 2-1: Ball 3-1: Called Strike 3-2: Foul Ball, location: 2F 3-2: Base on Balls Germán Vargas to second
|
Batting: RHB Norberto Gallardo
|
0-0: Ball 1-0: Foul Ball, location: 2F 1-1: Ball 2-1: Fielders Choice at 2nd, 5-4 (Groundball, 56) Germán Vargas to third
|
Batting: LHB Horace Kramer
|
0-0: Ball 1-0: SINGLE (Groundball, 34S) (infield hit) Germán Vargas scores Norberto Gallardo to second
|
Batting: LHB Manny Robles
|
0-0: Called Strike 0-1: Called Strike Norberto Gallardo steals 3rd base 0-2: Hit by Pitch Horace Kramer to second
|
Batting: RHB Kokaji Ridha
|
0-0: Ball 1-0: Ball 2-0: Ball 3-0: Base on Balls Norberto Gallardo scores Horace Kramer to third Manny Robles to second
|
Pitching: RHP Tomás Viña
|
|
Batting: RHB Roberto Valdéz
|
0-0: Fly out, F7 (Flyball, 7LS) Runner from 3rd tags up, SCORES, no throw
|
Batting: LHB Greg MacCanish
|
0-0: Ball 1-0: Ball 2-0: Called Strike 2-1: Ball 3-1: Called Strike 3-2: Base on Balls Manny Robles to third Kokaji Ridha to second
|
Batting: RHB Ánibal Soto
|
0-0: SINGLE (Groundball, 25) (infield hit) Manny Robles scores Kokaji Ridha to third Greg MacCanish to second
|
Batting: RHB Germán Vargas
|
0-0: Ball 1-0: Ball 2-0: Called Strike 2-1: Swinging Strike 2-2: Strikes out swinging
|
Bottom of the 6th over - 4 runs, 3 hits, 0 errors, 3 left on base; Lee's Summit 5 - Little Rock 4 |
TOP OF THE 7TH |
Lee's Summit Tigers batting - Pitching for Little Rock Lemmiwinks : RHP Lorenzo Fernández
|
Batting: LHB Claudio Jiménez
|
0-0: Ball 1-0: Called Strike 1-1: Swinging Strike 1-2: Strikes out swinging
|
Batting: LHB Leroy Surtees
|
0-0: Foul Ball, location: 2F 0-1: Ball 1-1: Called Strike 1-2: Strikes out swinging
|
Batting: RHB Tommy Smith
|
0-0: Ball 1-0: Ball 2-0: Ball 3-0: Base on Balls
|
Batting: RHB José Deleón
|
0-0: Ball 1-0: Foul Ball, location: 2F 1-1: Ball 2-1: Ball 3-1: Foul Ball, location: 2F 3-2: Strikes out swinging
|
Top of the 7th over - 0 runs, 0 hits, 0 errors, 1 left on base; Lee's Summit 5 - Little Rock 4 |
BOTTOM OF THE 7TH |
Little Rock Lemmiwinks batting - Pitching for Lee's Summit Tigers : RHP Tomás Viña
|
Batting: RHB José Rodríguez
|
0-0: Ball 1-0: Ball 2-0: Swinging Strike 2-1: Ball 3-1: Foul Ball, location: 2F 3-2: Foul Ball, location: 2F 3-2: Strikes out looking
|
Batting: RHB Norberto Gallardo
|
0-0: Ball 1-0: Foul Ball, location: 2F 1-1: Called Strike 1-2: Strikes out swinging
|
Batting: LHB Horace Kramer
|
0-0: Foul Ball, location: 2F 0-1: Foul Ball, location: 2F 0-2: Ball 1-2: Ball 2-2: DOUBLE (Line Drive, 89D)
|
Batting: LHB Manny Robles
|
0-0: Ground out 4-3 (Groundball, 4)
|
Bottom of the 7th over - 0 runs, 1 hit, 0 errors, 1 left on base; Lee's Summit 5 - Little Rock 4 |
TOP OF THE 8TH |
Lee's Summit Tigers batting - Pitching for Little Rock Lemmiwinks : RHP Lorenzo Fernández
|
Batting: RHB Juan Rodríguez
|
0-0: Called Strike 0-1: Foul Ball, location: 2F 0-2: Fly out, F3 (Popup, 23F)
|
Batting: SHB Tony Morrison
|
0-0: Ball 1-0: Foul Ball, location: 2F 1-1: Called Strike 1-2: Ball 2-2: Foul Ball, location: 2F 2-2: Ground out 4-3 (Groundball, 4S)
|
Batting: RHB José Gómez
|
0-0: Called Strike 0-1: Foul Ball, location: 2F 0-2: Ball 1-2: Strikes out swinging
|
Top of the 8th over - 0 runs, 0 hits, 0 errors, 0 left on base; Lee's Summit 5 - Little Rock 4 |
BOTTOM OF THE 8TH |
Little Rock Lemmiwinks batting - Pitching for Lee's Summit Tigers : RHP Tomás Viña
|
Now at C: Gerardo Romero
|
|
Batting: RHB Kokaji Ridha
|
0-0: Ball 1-0: Ball 2-0: Called Strike 2-1: Ground out 4-3 (Groundball, 4)
|
Batting: RHB Roberto Valdéz
|
0-0: Swinging Strike 0-1: Foul Ball, location: 2F 0-2: Strikes out swinging
|
Batting: LHB Greg MacCanish
|
0-0: Called Strike 0-1: SINGLE (Flyball, 89M)
|
Batting: RHB Ánibal Soto
|
0-0: Called Strike 0-1: Ball 1-1: 2-RUN HOME RUN (Flyball, 7LD), Distance : 350 ft
|
Pitching: RHP Mike Sherman
|
|
Batting: RHB Germán Vargas
|
0-0: Ball 1-0: Swinging Strike 1-1: Swinging Strike 1-2: Foul Ball, location: 2F 1-2: Strikes out swinging
|
Bottom of the 8th over - 2 runs, 2 hits, 0 errors, 0 left on base; Lee's Summit 5 - Little Rock 6 |
TOP OF THE 9TH |
Lee's Summit Tigers batting - Pitching for Little Rock Lemmiwinks : RHP Lorenzo Fernández
|
Now at C: Júlio Colón
|
|
Now in LF: Álex Ochoa
|
|
Pinch Hitting: RHB Stephen Segura
|
0-0: Ball 1-0: Called Strike 1-1: Foul Ball, location: 2F 1-2: Ball 2-2: Foul Ball, location: 2F 2-2: Ground out 6-3 (Groundball, 6M)
|
Batting: LHB José Guerrero
|
0-0: Ground out U3 (Groundball, 3L)
|
Pinch Hitting: LHB António Bonaccorsi
|
0-0: Ball 1-0: Called Strike 1-1: Foul Ball, location: 2F 1-2: Foul Ball, location: 2F 1-2: Ball 2-2: Ball 3-2: Strikes out swinging
|
Top of the 9th over - 0 runs, 0 hits, 0 errors, 0 left on base; Lee's Summit 5 - Little Rock 6 |
|